 Dungeon Crawl Stone Soup version 0.19-a0-965-g50bf062 (webtiles) character file.

61539 sefie the Brawler (level 14, 0/144 HPs)
             Began as a Troll Hunter on July 12, 2016.
             Was the Champion of Makhleb.
             Killed from afar by Azrael (48 damage)
             ... with damnation
             ... on level 12 of the Dungeon.
             The game lasted 02:23:41 (22306 turns).

sefie the Brawler (Troll Hunter)                   Turns: 22306, Time: 02:23:42

Health: 0/144      AC: 11    Str: 23    XL:     14   Next: 61%
Magic:  17/17      EV: 12    Int: 11    God:    Makhleb [******]
Gold:   866        SH:  0    Dex: 10    Spells: 1 memorised, 12 levels left

rFire  . . .     SeeInvis .       - Unarmed
rCold  . . .     Gourm    +     N - +1 robe {MR+}
rNeg   . . .     Faith    .     (no shield)
rPois  +         Spirit   .     e - +2 hat
rElec  .         Dismiss  .     d - +0 cloak
rCorr  .         Reflect  .     (gloves unavailable)
SustAt .         Harm     .     (boots unavailable)
MR     ++...                    S - amulet of rage
Stlth  +.........               W - ring of poison resistance
                                G - +2 ring of protection

@: exhausted, slowed, very slow, very resistant to hostile enchantments, very
unstealthy
A: unfitting armour, claws 3, fast metabolism 3, gourmand, regeneration 2,
shaggy fur 1, tough skin 2
a: Minor Destruction, Lesser Servant of Makhleb, Major Destruction, Greater
Servant of Makhleb, Renounce Religion, Evoke Berserk Rage


You were on level 12 of the Dungeon.
You worshipped Makhleb.
Makhleb was exalted by your worship.
You were full.

You visited 4 branches of the dungeon, and saw 21 of its levels.

You collected 2460 gold pieces.
You spent 1594 gold pieces at shops.

Inventory:

Missiles
 l - 7 large rocks (quivered)
Armour
 d - a +0 cloak (worn)
 e - a +2 hat (worn)
 N - a +1 robe of magic resistance (worn)
Rods
 j - a +3 rod of inaccuracy (13/13)
   (You found it on level 6 of the Lair of Beasts)
Jewellery
 c - an uncursed ring of protection from fire
 m - an uncursed ring of flight
 p - an uncursed ring of protection from magic
 u - an uncursed ring of see invisible
 G - a +2 ring of protection (left claw)
 M - an uncursed ring of wizardry
 S - an amulet of rage (around neck)
 W - a ring of poison resistance (right claw)
Wands
 a - a wand of disintegration (5/24)
 b - a wand of paralysis (0/24)
 g - a wand of slowing (22/48)
 i - a wand of iceblast (5/15)
 T - a wand of lightning (9/15)
 Y - a wand of teleportation (5/9)
Scrolls
 f - 2 scrolls of enchant armour
 h - 4 scrolls of fear
 k - 3 scrolls of amnesia {unknown}
 s - 7 scrolls of remove curse
 v - 4 scrolls of fog {unknown}
 x - 3 scrolls of immolation {unknown}
 y - a scroll of random uselessness {unknown}
 A - 4 scrolls of blinking
 C - a scroll of summoning {unknown}
 E - 4 scrolls of teleportation {unknown}
 J - a scroll of brand weapon {unknown}
 K - 2 scrolls of holy word {unknown}
 R - a scroll of recharging
 U - a scroll of acquirement {unknown}
 V - 2 scrolls of magic mapping {unknown}
 X - 2 scrolls of silence {unknown}
Potions
 o - a potion of haste
 q - 7 potions of curing
 r - 2 potions of lignification {unknown}
 t - 3 potions of cure mutation {unknown}
 w - 2 potions of agility
 B - 2 potions of brilliance {unknown}
 F - 2 potions of heal wounds {unknown}
 I - a potion of magic {unknown}
 L - a potion of mutation {unknown}
 O - 2 potions of cancellation {unknown}
 Q - a potion of might
 Z - 2 potions of flight {unknown}
Books
 n - a book of Enchantments

   Spells                             Type                      Level
   a - Cause Fear                     Hexes                        4
   b - Yara's Violent Unravelling     Hexes/Transmutation          5
   c - Silence                        Hexes/Air                    5
   d - Deflect Missiles               Charms/Air                   6
   e - Haste                          Charms                       6
   f - Discord                        Hexes                        8
 P - a book of Transfigurations

   Spells                             Type                      Level
   a - Irradiate                      Conjuration/Transmutation    5
   b - Statue Form                    Transmutation/Earth          6
   c - Hydra Form                     Transmutation                6
   d - Dragon Form                    Transmutation                7
Comestibles
 z - 4 meat rations
 D - 6 slices of pizza
 H - a beef jerky


   Skills:
 + Level 10.7 Fighting
 * Level 10.4 Throwing
 - Level 6.6 Dodging
 - Level 0.4 Stealth
 + Level 16.2 Unarmed Combat
 - Level 2.7 Spellcasting
 * Level 3.1 Transmutations
 * Level 3.4 Earth Magic
 - Level 2.6 Evocations


You had 12 spell levels left.
You knew the following spells:

 Your Spells              Type           Power        Failure   Level  Hunger
a - Statue Form           Tmut/Erth      #........    100%        6    #######


Dungeon Overview and Level Annotations

Branches:
Dungeon (12/15)            Temple (1/1) D:4            Lair (6/6) D:10
 Shoals (0/4) Lair:2        Snake (0/4) Lair:4        Slime (0/5) Lair:6
    Orc (2/2) D:9             Elf (0/3) Orc:2

Altars:
Ashenzari
Cheibriados
Dithmenos
Elyvilon
Fedhas
Gozag
Hepliaklqana
Kikubaaqudgha
Makhleb
Nemelex Xobeh
Okawaru
Pakellas
Qazlal
Ru
Sif Muna
Trog
Uskayaw
Vehumet
Xom
Yredelemnul
Zin
The Shining One
Beogh
Jiyva

Shops:
D:10 [   D:12 *%%   Orc:2 (!*=

Annotations:
D:11 exclusion: obsidian statue
D:12 nergalle and azrael!, 5 exclusions, Azrael
Lair:3 Gastronok
Lair:4 tstbtto's ghost, journeyman MiFi
Lair:6 exclusions: hydra and spiny frog
Orc:1 orc warlord!
Orc:2 exclusion: upstairs


Innate Abilities, Weirdness & Mutations

You are too large for most types of armour.
You have claws for hands.
Your metabolism is lightning-fast.
You like to eat raw meat.
You heal very quickly.
You are covered in fur. (AC +1)
You have very tough skin. (AC +2)


Message History

You feel your anger subside.
You are no longer berserk.
You are exhausted.
You feel yourself slow down.
Evoke which item? (* to show all) (? for menu, Esc to quit)
Zapping:
Y - a wand of teleportation (6/9)
Press: ? - help, Shift-Dir - straight line, f - you You feel strangely unstable.
This wand has 5 charges left.
Azrael hits you with a scimitar of flaming!!
Azrael burns you.
Azrael hits you with a scimitar of flaming!
Azrael burns you. Azrael gestures at you.
The sphere of damnation explodes!
The damnation engulfs you!
Your surroundings seem slightly different.
Azrael gestures at you. The bolt of fire misses you.
Found an escape hatch in the floor.
Azrael gestures at you.
The sphere of damnation explodes!
The damnation engulfs you!
You die...

≈.≈.≈.≈.≈.≈.# .≈.≈.≈.≈.≈÷≈#
≈.≈.≈.≈.≈<÷.#############
.≈.≈.≈.≈.≈.≈#..........>.
≈.≈.≈.≈.≈.≈.#...........#
.≈.≈)≈.≈.≈.≈#...........#
≈.≈.≈.≈.≈.≈.#...........#
<..≈.≈.≈.≈.≈#...........# ##≈.#
##.########## #@.......# ##≈≈≈##
.#.#### ######........###≈≈≈≈≈#
.#....# #...........####≈≈≈≈≈≈≈
##....# #...........# #≈≈≈≈≈≈≈≈
......# #...........# #≈≈≈≈≈≈≈
###...## #......R....# #≈≈≈≈≈.
##.....# #...(..§....######≈≈[##
.......####.....##.###.........)[
###....#...........[.§..##.<..###


You could see Azrael.

Vanquished Creatures
  A dire elephant (Lair:6)
  3 hydras
  Erolcha (D:10)
  2 catoblepae
  4 death yaks
  A deep troll shaman (Lair:6)
  5 orc high priests
  Nergalle (D:12)
  2 unseen horrors
  2 hill giants
  A cyclops (D:12)
  An orc sorcerer (Orc:2)
  2 griffons
  6 elephants (Lair:6)
  Maurice (D:8)
  2 guardian serpents (D:9)
  6 black mambas
  Psyche (D:8)
  A torpor snail (Lair:2)
  14 spiny frogs
  8 rime drakes
  9 komodo dragons
  A merfolk (Lair:2)
  A queen bee (Lair:6)
  3 meliai (Lair:6)
  3 trolls
  2 two-headed ogres
  Prince Ribbit (Lair:3)
  2 polar bears
  16 blink frogs
  A boulder beetle (Lair:4)
  A vampire (D:12)
  A shadow (D:11)
  41 yaks
  6 wyverns
  The ghost of tstbtto the Slasher, an amateur MiFi (D:4)
  2 fire elementals (D:12)
  Grum (D:8)
  5 basilisks
  11 hippogriffs
  A hungry ghost (D:12)
  4 hell hounds
  3 nagas (Lair:4)
  10 porcupines
  9 water moccasins
  2 black bears
  30 orc warriors
  An ice beast (D:6)
  2 sky beasts
  10 ogres
  2 phantoms
  7 centaurs
  13 wolves
  13 crocodiles
  4 big kobolds
  16 giant frogs
  A wyvern zombie (D:6)
  A gnoll sergeant (Orc:2)
  2 scorpions
  27 killer bees
  3 wights (D:11)
  4 jellies
  5 howler monkeys
  9 electric eels
  4 crimson imps
  5 hounds
  28 orc priests
  A giant frog skeleton (D:12)
  Crazy Yiuf (D:7)
  36 orc wizards
  A centaur skeleton (D:9)
  7 iguanas
  A hell rat (D:5)
  6 worker ants
  16 sheep
  3 hound zombies
  2 hound skeletons
  2 worker ant zombies
  8 gnolls
  A howler monkey skeleton (D:7)
  16 adders
  70 river rats
  2 oozes
  3 worms
  5 dart slugs
  5 giant geckos
  123 orcs
  4 bats (D:1)
  5 giant cockroaches
  8 hobgoblins
  10 jackals
  19 kobolds
  8 quokkas
  A ball python (D:4)
  5 giant newts
  8 goblins
  3 goblin skeletons (D:4)
  3 goblin zombies (D:4)
  2 hobgoblin zombies (D:4)
  A jackal skeleton (D:6)
  A kobold skeleton (D:4)
  2 kobold zombies (D:4)
  2 orc skeletons (D:4)
  34 rats
  A fungus (Lair:3)
  3 plants (D:10)
818 creatures vanquished.

Vanquished Creatures (others)
  An orc (D:12)
  A quokka (D:12)
  16 fungi
  15 plants
33 creatures vanquished.

Grand Total: 851 creatures vanquished

Notes
Turn   | Place    | Note
-------+----------+-------------------------------------------
     0 | D:1      | sefie the Troll Hunter began the quest for the Orb.
     0 | D:1      | Reached XP level 1. HP: 19/19 MP: 0/0
   106 | D:1      | Reached XP level 2. HP: 24/28 MP: 1/1
   179 | D:1      | Reached skill level 1 in Unarmed Combat
   298 | D:1      | Reached XP level 3. HP: 32/36 MP: 2/2
   631 | D:2      | Reached skill level 2 in Unarmed Combat
   752 | D:2      | Found a blossoming altar of Fedhas.
   807 | D:2      | Found a faded altar of an unknown god.
  1242 | D:2      | Reached XP level 4. HP: 43/44 MP: 3/3
  1592 | D:3      | Reached skill level 3 in Unarmed Combat
  1953 | D:4      | Noticed tstbtto's ghost (amateur MiFi)
  1997 | D:4      | Reached XP level 5. HP: 49/50 MP: 4/4
  2080 | D:4      | Reached skill level 4 in Unarmed Combat
  2285 | D:4      | Found a shimmering altar of Xom.
  2291 | D:4      | Found a staircase to the Ecumenical Temple.
  2456 | D:4      | Found a glowing golden altar of the Shining One.
  2465 | D:4      | Reached skill level 5 in Unarmed Combat
  2556 | Temple   | Entered the Ecumenical Temple
  2892 | D:5      | Entered Level 5 of the Dungeon
  2914 | D:5      | Reached XP level 6. HP: 56/59 MP: 5/5
  2984 | D:5      | Found a sacrificial altar of Ru.
  3060 | D:5      | Reached skill level 6 in Unarmed Combat
  3195 | D:5      | Reached XP level 7. HP: 61/66 MP: 6/6
  3311 | D:5      | Reached skill level 7 in Unarmed Combat
  4059 | D:6      | Reached skill level 8 in Unarmed Combat
  4103 | D:6      | Found an opulent altar of Gozag.
  4296 | D:6      | Found an oddly glowing altar of Pakellas.
  4300 | D:6      | Found a sacrificial altar of Ru.
  4300 | D:6      | Found a hide-covered altar of Uskayaw.
  4300 | D:6      | Found an ancient bone altar of Kikubaaqudgha.
  4383 | D:6      | Reached XP level 8. HP: 74/74 MP: 7/7
  4622 | D:6      | You fall through a shaft!
  4679 | D:6      | Reached skill level 9 in Unarmed Combat
  5080 | D:7      | Reached skill level 5 in Throwing
  5112 | D:7      | Found a runed door.
  5457 | D:7      | Reached skill level 10 in Unarmed Combat
  5546 | D:7      | Reached XP level 9. HP: 75/81 MP: 8/8
  5796 | D:8      | Found a stormy altar of Qazlal.
  5938 | D:8      | Found a burning altar of Makhleb.
  5943 | D:8      | Became a worshipper of Makhleb the Destroyer
  6003 | D:8      | Noticed Maurice
  6035 | D:8      | Killed Maurice
  6074 | D:8      | Noticed Psyche
  6074 | D:8      | Found a white marble altar of Elyvilon.
  6095 | D:8      | Killed Psyche
  6303 | D:8      | Noticed Grum
  6308 | D:8      | Reached * piety under Makhleb
  6325 | D:8      | Killed Grum
  6447 | D:8      | Found a roughly hewn altar of Beogh.
  6502 | D:8      | Reached skill level 11 in Unarmed Combat
  6791 | D:4      | Reached ** piety under Makhleb
  6845 | D:4      | Killed tstbtto's ghost
  6981 | D:6      | Reached XP level 10. HP: 92/92 MP: 9/9
  7186 | D:9      | Noticed a guardian serpent
  7251 | D:9      | Found a snail-covered altar of Cheibriados.
  7386 | D:9      | Noticed a guardian serpent
  7431 | D:10     | Entered Level 10 of the Dungeon
  7626 | D:10     | Noticed a hill giant
  7647 | D:10     | Killed a hill giant
  7745 | D:10     | Reached skill level 5 in Fighting
  7896 | D:10     | Found a staircase to the Lair.
  8034 | D:10     | Noticed Erolcha
  8126 | D:10     | Reached skill level 12 in Unarmed Combat
  8142 | Lair:1   | Entered Level 1 of the Lair of Beasts
  8190 | Lair:1   | Noticed a spiny frog
  8201 | Lair:1   | Killed a spiny frog
  8368 | Lair:1   | Noticed a spiny frog
  8368 | Lair:1   | Noticed a seven-headed hydra
  8385 | Lair:1   | Noticed an unseen horror
  8562 | D:7      | Noticed Crazy Yiuf
  8567 | D:7      | Killed Crazy Yiuf
  8893 | D:9      | Killed a guardian serpent
  8893 | D:9      | Reached skill level 1 in Evocations
  9043 | D:9      | Killed a guardian serpent
  9043 | D:9      | Reached skill level 5 in Dodging
  9154 | D:9      | Found a deep blue altar of Sif Muna.
  9189 | D:9      | Found a staircase to the Orcish Mines.
  9308 | D:9      | Reached XP level 11. HP: 87/104 MP: 11/11
  9533 | Orc:1    | Entered Level 1 of the Orcish Mines
  9556 | D:9      | Reached *** piety under Makhleb
  9877 | Orc:1    | Noticed an orc high priest
  9897 | Orc:1    | Killed an orc high priest
 10136 | Orc:2    | Entered Level 2 of the Orcish Mines
 10247 | Orc:2    | Reached **** piety under Makhleb
 10904 | Orc:1    | Noticed an orc warlord
 10917 | Orc:2    | Reached ***** piety under Makhleb
 11152 | Orc:2    | Found a staircase to the Elven Halls.
 11322 | Orc:2    | Noticed an orc high priest
 11323 | Orc:2    | Noticed a soul eater
 11399 | Orc:2    | Killed an orc high priest
 11460 | Orc:2    | Noticed an orc high priest
 11469 | Orc:2    | Killed an orc high priest
 11599 | Orc:2    | Noticed an orc sorcerer
 11607 | Orc:2    | Killed an orc sorcerer
 11704 | Orc:2    | Noticed an orc high priest
 11715 | Orc:2    | Killed an orc high priest
 11793 | Orc:2    | Noticed an orc high priest
 11803 | Orc:2    | Killed an orc high priest
 11803 | Orc:2    | Reached skill level 13 in Unarmed Combat
 12092 | Orc:2    | Found Hufyfani's Antique Weapon Shoppe.
 12092 | Orc:2    | Found Ocoskiu's Jewellery Emporium.
 12092 | Orc:2    | Found Jipt's Distillery.
 12137 | Orc:2    | Found Ejityh's Assorted Antiques.
 12150 | Orc:2    | Bought a potion of degeneration for 14 gold pieces
 12214 | Orc:2    | Found a roughly hewn altar of Beogh.
 12308 | Orc:2    | Bought an uncursed ring of poison resistance for 260 gold pieces
 12309 | Orc:2    | Bought a glowing ice dragon armour for 1320 gold pieces
 12413 | Orc:1    | Reached XP level 12. HP: 118/118 MP: 12/12
 12618 | D:10     | Found Yrphol's Antique Armour Shop.
 12924 | D:10     | Killed Erolcha
 13291 | D:10     | Killed a ten-headed hydra
 14403 | Lair:2   | Found a staircase to the Shoals.
 14485 | Lair:2   | Reached skill level 14 in Unarmed Combat
 14515 | Lair:2   | Reached ****** piety under Makhleb
 15276 | Lair:3   | Noticed Prince Ribbit
 15279 | Lair:3   | Killed Prince Ribbit
 15367 | Lair:3   | Noticed an eight-headed hydra
 15753 | Lair:3   | Noticed Gastronok
 15842 | Lair:3   | Reached XP level 13. HP: 116/131 MP: 13/13
 16005 | Lair:4   | Found a staircase to the Snake Pit.
 16013 | Lair:4   | Reached skill level 1 in Spellcasting
 16033 | Lair:4   | Noticed tstbtto's ghost (journeyman MiFi)
 17009 | Lair:5   | Reached skill level 15 in Unarmed Combat
 17434 | Lair:5   | Learned a level 6 spell: Statue Form
 17554 | Lair:5   | Reached skill level 10 in Fighting
 17703 | Lair:5   | Reached skill level 1 in Transmutations
 17703 | Lair:5   | Reached skill level 1 in Earth Magic
 17978 | Lair:6   | Entered Level 6 of the Lair of Beasts
 18420 | Lair:6   | Reached skill level 10 in Throwing
 18544 | Lair:6   | Found a viscous altar of Jiyva.
 18545 | Lair:6   | Found a staircase to the Slime Pits.
 18675 | Lair:6   | Reached XP level 14. HP: 143/143 MP: 16/16
 19565 | Lair:6   | Identified a +3 rod of inaccuracy (13/13) (You found it on level 6 of the Lair of Beasts)
 20190 | D:11     | Found a blossoming altar of Fedhas.
 20470 | D:11     | Reached skill level 16 in Unarmed Combat
 21067 | D:12     | Noticed Nergalle
 21442 | D:11     | HP: 3/144 [nine-headed hydra (8)]
 21713 | D:12     | Killed Nergalle
 21802 | D:12     | Found Digeo's Food Boutique.
 21955 | D:12     | Found Hawny's Food Shoppe.
 21960 | D:12     | Found Goikuonn's Assorted Antiques.
 22252 | D:12     | Noticed Azrael
 22306 | D:12     | Killed from afar by Azrael

Vault maps used:
D:1:      onia_arrival_larder
D:2:      ecumenical_altar_2, fedhas_altar_2
D:3:      first_bread, minmay_strange_pillars
D:4:      nicolae_tso_besieged_by_evil, old_standard_altar
D:5:      lemuel_ratsnest, minmay_misc_feat_roman, roderic_lattice_a,
          kennysheep_crisscross, nicolae_ru_great_annihilating_truth
D:6:      grunt_temple_overflow_open, basic_altar, lightli_corner_chamber
D:7:      grunt_ogre_cave, uniq_crazy_yiuf_cottage
D:8:      elyvilon_altar_5, kennysheep_little_box, basic_altar, special_room,
          uniq_psyche, uniq_maurice, uniq_grum
D:9:      nrook_guardian_serpent_snake_passage, overflow_temple_1_default,
          basic_altar
D:10:     david_lair_shrubbed, serial_shops, nicolae_shop_behind_doors,
          uniq_erolcha
D:11:     basic_altar, minmay_statue_bubble
D:12:     serial_shops, shop, nicolae_shop_stone, shop, shop, uniq_azrael,
          uniq_nergalle
Temple:   nicolae_temple_figure_eight
Lair:1:   grunt_megastairs_1, bh_autumn_forest_stairs
Lair:2:   elwin_shoals_entry_rooms, beast_lair_carwin_3, grunt_megastairs_4,
          lemuel_fruit_tree, infiniplex_staircase_pool_2
Lair:3:   nicolae_quartered_pool_medium, st_stairs_10, beast_lair_carwin_2,
          serial_bayou_shore_b, uniq_gastronok, uniq_prince_ribbit2
Lair:4:   guppyfry_snake_entry_garden
Lair:5:   special_room
Lair:6:   grunt_lair_end_beastmaster, dpeg_slime_entry_enclosed_altar,
          special_room
Orc:2:    st_orc_mages, basic_altar, statue_in_the_mist_lemuel

Skill      XL: |  1  2  3  4  5  6  7  8  9 10 11 12 13 14 |
---------------+-------------------------------------------+-----
Fighting       | 2 3 4 5 7 9 10 | 10.7
Unarmed Combat | 1 2 3 5 6 8 10 11 12 13 14 15 16 | 16.2
Throwing       | 4 5 6 7 8 9 10 | 10.4
Dodging        | 3 4 5 6 |  6.6
Evocations     | 2 |  2.6
Spellcasting   | 2 |  2.7
Transmutations | 1 3 |  3.1
Earth Magic    | 1 3 |  3.4
Stealth        | |  0.4

Action                   |  1- 3 |  4- 6 |  7- 9 | 10-12 | 13-15 || total
-------------------------+-------+-------+-------+-------+-------++-------
Melee: Unarmed           |   117 |   179 |   385 |   728 |   821 ||  2230
       Short sword       |     2 |       |       |       |       ||     2
       Punch             |       |       |    10 |    40 |    49 ||    99
Throw: Large rock        |       |     3 |    12 |    39 |    32 ||    86
       Throwing net      |       |       |     5 |     2 |     2 ||     9
 Abil: Evoke Berserk Rag |       |       |       |    23 |    19 ||    42
Evoke: Wand              |       |       |     3 |     3 |     2 ||     8
  Use: Scroll            |       |       |     7 |     8 |     5 ||    20
       Potion            |       |       |     2 |     2 |     1 ||     5
 Stab: Sleeping          |       |     1 |     1 |       |     1 ||     3
       Paralysed         |       |     1 |       |     3 |       ||     4
       Held in net/web   |       |       |     2 |     1 |     2 ||     5
       Distracted        |       |       |     1 |       |     1 ||     2
       Invisible         |       |       |     3 |       |       ||     3
       Petrifying        |       |       |       |       |     2 ||     2
  Eat: Chunk             |    16 |    19 |    34 |   100 |    72 ||   241
Armor: Robe              |    36 |    59 |    87 |   188 |   229 ||   599
Dodge: Dodged            |    51 |    68 |   144 |   356 |   398 ||  1017
